 Dungeon Crawl Stone Soup version 0.19-a0-1493-gd0fcaa6 (webtiles) character file.

135 dvd the Chopper (level 4, 0/37 HPs)
             Began as a Minotaur Gladiator on Sept 9, 2016.
             Was an Initiate of Ru.
             Succumbed to an adder's poison
             ... on level 3 of the Dungeon.
             The game lasted 00:06:15 (2030 turns).

dvd the Chopper (Minotaur Gladiator)                Turns: 2030, Time: 00:06:16

Health: 0/37       AC:  5    Str: 18 (19) XL:     4   Next: 96%
Magic:  3/3        EV: 12    Int: -3 (0)  God:    Ru [......]
Gold:   119        SH:  0    Dex: 10 (11) Spells: 0 memorised, 3 levels left

rFire  . . .     SeeInvis .     a - +0 war axe
rCold  . . .     Gourm    .     s - +0 ring mail
rNeg   . . .     Faith    .     (no shield)
rPois  .         Spirit   .     c - +0 hat
rElec  .         Dismiss  .     (no cloak)
rCorr  .         Reflect  .     (no gloves)
MR     .....     Harm     .     (no boots)
Stlth  ++........               (no amulet)
                                g - -6 ring of intelligence (curse)
                                i - ring of stealth

@: lethally poisoned (0 -> -5), slowed, lost intelligence, very slow
A: retaliatory headbutt, horns 2
a: Renounce Religion


You were on level 3 of the Dungeon.
You worshipped Ru.
Ru was noncommittal.
You were not hungry.

You visited 1 branch of the dungeon, and saw 3 of its levels.

You collected 119 gold pieces.

Inventory:

Hand Weapons
 a - a +0 war axe (weapon)
 p - a +0 shortbow
 u - a +0 mace
Missiles
 r - 30 arrows
Armour
 b - a +0 leather armour
 c - a +0 hat (worn)
 s - a +0 ring mail (worn)
Jewellery
 g - a cursed -6 ring of intelligence (right hand)
 i - a ring of stealth (left hand)
Wands
 l - a wand of disintegration (19/24)
Scrolls
 e - a scroll of identify
 j - 2 scrolls of recharging
 k - a scroll of immolation {unknown}
 n - a scroll of fear {unknown}
 q - a scroll of enchant weapon {unknown}
Potions
 h - a potion of agility
Comestibles
 d - 2 fruits
 f - a bread ration
 m - 3 slices of pizza
 o - 14 chunks of flesh
 t - a meat ration


   Skills:
 + Level 2.9 Fighting
 + Level 4.9 Axes
 + Level 2.1 Throwing
 + Level 2.0 Armour
 + Level 4.3 Dodging
 + Level 1.0 Stealth


You had 3 spell levels left.
You didn't know any spells.

Dungeon Overview and Level Annotations

Branches:
Dungeon (3/15)

Altars:
Ru
Zin
The Shining One


Innate Abilities, Weirdness & Mutations

You reflexively headbutt those who attack you in melee.
You have a pair of horns on your head.


Message History

You feel sick.
You see here 2 chunks of flesh.
Okay, then.
Unknown command.
You almost manage to decipher the scroll, but fail in this attempt.
* * * LOW HITPOINT WARNING * * *
You feel sick.
You almost manage to decipher the scroll, but fail in this attempt.
* * * LOW HITPOINT WARNING * * *
You feel sick.
You almost manage to decipher the scroll, but fail in this attempt.
* * * LOW HITPOINT WARNING * * *
You feel sick.
You almost manage to decipher the scroll, but fail in this attempt.
* * * LOW HITPOINT WARNING * * *
You feel sick.
As you read the scroll labeled XUJEUGU EHOKHA, it crumbles to dust.
It is a scroll of identify.
j - 2 scrolls of recharging You die...

#.#.#.###.###.รท.###
#.#.#.# #.##.[.....
#.#.#.# #.......##.
#.#.#.# #.(........
#.....###.....###..
# #.....[...#...#
#..
#.#.##......###...#
##. #.......###.#
#...# #. ###...@##
#.# #...# ####.# #.#
#.... #.# #.# .#.##
#.# ... ... .#. ...
. . <.. .. .. #.#.#


There were no monsters in sight!

Vanquished Creatures
  A worker ant (D:3)
  Robin (D:3)
  2 adders
  An ooze (D:1)
  4 worms
  A dart slug (D:2)
  An orc (D:3)
  2 giant cockroaches
  6 goblins
  11 hobgoblins
  6 jackals
  A quokka (D:3)
  A ball python (D:2)
  7 bats
  4 giant newts
  5 kobolds
  8 rats
62 creatures vanquished.

Notes
Turn   | Place    | Note
-------+----------+-------------------------------------------
     0 | D:1      | dvd the Minotaur Gladiator began the quest for the Orb.
     0 | D:1      | Reached XP level 1. HP: 18/18 MP: 0/0
   208 | D:1      | Reached XP level 2. HP: 25/25 MP: 1/1
  1020 | D:2      | Lost intelligence.
  1034 | D:2      | Reached XP level 3. HP: 17/30 MP: 2/2
  1191 | D:2      | Found a faded altar of an unknown god.
  1203 | D:2      | Reached skill level 1 in Armour
  1217 | D:2      | Found a sacrificial altar of Ru.
  1264 | D:2      | Became a worshipper of Ru the Awakened
  1561 | D:2      | Found a glowing silver altar of Zin.
  1626 | D:2      | Found a glowing golden altar of the Shining One.
  1695 | D:3      | Reached XP level 4. HP: 31/37 MP: 3/3
  1905 | D:3      | Noticed Robin
  1915 | D:3      | Killed Robin
  1915 | D:3      | Reached skill level 1 in Stealth
  2029 | D:3      | HP: 1/37 [poisoned by an adder]
  2030 | D:3      | Succumbed to an adder's poison

Vault maps used:
D:1:      eino_arrival_tree_alley
D:2:      lemuel_crystal_altar, zin_statuary, nicolae_tso_carved_into_rock,
          ecumenical_altar_1
D:3:      lemuel_crystal_altar, minmay_joined_circles, uniq_robin

Skill      XL: |  1  2  3  4 |
---------------+-------------+-----
Axes           | 4 |  4.9
Armour         | 1 2 |  2.0
Dodging        | 4 |  4.3
Stealth        | 1 |  1.0
Fighting       | |  2.9
Throwing       | |  2.1

Action                   |  1- 3 |  4- 6 || total
-------------------------+-------+-------++-------
Melee: War axe           |    86 |    37 ||   123
       Headbutt          |    14 |     6 ||    20
 Fire: Shortbow          |     1 |       ||     1
  Use: Potion            |     5 |       ||     5
       Scroll            |       |     1 ||     1
 Stab: Sleeping          |     3 |       ||     3
       Distracted        |     1 |       ||     1
  Eat: Chunk             |     4 |     1 ||     5
Armor: Leather armour    |    10 |       ||    10
       Ring mail         |    20 |    21 ||    41
Dodge: Dodged            |    78 |    39 ||   117
